 Dungeon Crawl Stone Soup version 0.31.0-9-g3a7656b989 (webtiles) character file.

Game seed: 4540703892432038629

93 qw the Shooter (level 4, -1/25 HPs)
             Began as a Deep Elf Hunter on Feb 2, 2024.
             Slain by a gnoll
             ... wielding a +0 flail
              (3 damage)
             ... on level 3 of the Dungeon.
             The game lasted 00:00:06 (1407 turns).

qw the Shooter (Deep Elf Hunter)                    Turns: 1407, Time: 00:00:06

Health: -1/25      AC:  5    Str: 10    XL:     4   Next: 37%
Magic:  6/6        EV: 11    Int: 14    God:
Gold:   121        SH:  0    Dex: 18    Spells: 3/3 levels left

rFire   . . .        a - +0 shortbow
rCold   . . .        (shield currently unavailable)
rNeg    . . .        e - +0 ring mail
rPois   .            (no helmet)
rElec   .            (no cloak)
rCorr   .            (no gloves)
SInv    .            (no boots)
Will    .....        (no amulet)
Stlth   +            (no ring)
HPRegen 0.24/turn    (no ring)
MPRegen 0.10/turn

%: no passive effects
@: no status effects
A: no striking features
a: no special abilities


You were on level 3 of the Dungeon.
You visited 1 branch of the dungeon, and saw 3 of its levels.

You collected 121 gold pieces.


   Skills:
 - Level 1.5 Fighting
 + Level 7.8 Ranged Weapons
 - Level 2.4 Dodging
 - Level 1.2 Stealth


You had 3 spell levels left.
You didn't know any spells.
Your spell library was empty.

Inventory:

Hand Weapons
 a - a +0 shortbow (weapon)
Armour
 e - a +0 ring mail (worn)
 f - a +0 helmet
Jewellery
 d - a ring of fire
 j - a +6 ring of dexterity
Scrolls
 b - a scroll of amnesia {unknown}
 h - a scroll of teleportation {unknown}
 i - a scroll of noise {unknown}
Potions
 c - a potion of might
 g - a potion of enlightenment {unknown}

Dungeon Overview and Level Annotations

Branches:
Dungeon (3/15)

Altars:


Message History

The iguana is lightly wounded.
The iguana barely misses you.
You shoot an arrow. The arrow hits the iguana!
The iguana is severely wounded.
The iguana bites you but does no damage.
You shoot an arrow. The arrow closely misses the iguana.
The iguana closely misses you. The gnoll hits you with a +0 whip.
The iguana barely misses you.
You shoot an arrow. The arrow hits the iguana.
The iguana is almost dead.
The gnoll barely misses you. The iguana completely misses you.
The gnoll hits you but does no damage.
You shoot an arrow.
The arrow hits the iguana but does no damage.
The iguana is almost dead.
The iguana barely misses you. The gnoll misses you.
You shoot an arrow. The arrow hits the iguana!
You kill the iguana!
The gnoll hits you with a +0 whip!
You have reached level 4!
You feel clever.
You shoot an arrow. The arrow closely misses the gnoll.
The gnoll hits you with a +0 whip.
You shoot an arrow. The arrow hits the gnoll!
The gnoll is severely wounded.
The gnoll misses you.
You shoot an arrow. The gnoll shouts!
The arrow hits the gnoll but does no damage.
The gnoll is severely wounded.
You shoot an arrow. The arrow hits the gnoll.
The gnoll is almost dead.
The gnoll barely misses you. The gnoll hits you but does no damage.
You shoot an arrow. The arrow closely misses the gnoll.
A gnoll comes into view. It is wielding a +0 spear.
The gnoll hits you with a +0 whip.
You shoot an arrow. The arrow hits the gnoll!
You kill the gnoll!
You shoot an arrow. The arrow closely misses the gnoll.
The gnoll hits you with a +0 flail.
You die...

.g ######### .##
#....#..# g.# #....#..#
##g. #....##.# ####...###
#....##.. .........#
#.....#.. .........#
#......## ........g#
###...... ...)....@##
#......
..........#########......
.........>.........##.###
.............#####.....).
.........###.##....######
###.###### #.#..#### ##
#.# ###...## #. #.#
##.....# ##. #.#
#..###.## ###..


You could see 3 gnolls.

Vanquished Creatures
  An iguana (D:3)
  A gnoll (D:3)
  An adder (D:2)
  2 ribbon worms (D:3)
  A dart slug (D:1)
  An orc (D:3)
  3 endoplasms
  4 giant cockroaches
  2 goblins
  3 hobgoblins (D:2)
  6 jackals
  6 bats
  5 kobolds
  5 rats
41 creatures vanquished.

Notes
Turn   | Place    | Note
-------+----------+-------------------------------------------
     0 | D:1      | qw the Deep Elf Hunter began the quest for the Orb.
     0 | D:1      | Reached XP level 1. HP: 12/12 MP: 3/3
     0 | D:1      | 0 ||| qw: Version: 0.3-a-155-g5e7d8dd
     0 | D:1      | 0 ||| qw: Game counter: 1677
     0 | D:1      | 0 ||| qw: Melee chars always use a shield: true
     0 | D:1      | 0 ||| qw: God list: Okawaru
     0 | D:1      | 0 ||| qw: Allow faded altars: false
     0 | D:1      | 0 ||| qw: Do Orc after clearing Dungeon:15 true
     0 | D:1      | 0 ||| qw: Do second Lair branch before Depths: true
     0 | D:1      | 0 ||| qw: Lair rune preference: random
     0 | D:1      | 0 ||| qw: Goals: Normal
     0 | D:1      | 0 ||| PLANNING D:1-11
    94 | D:1      | Reached XP level 2. HP: 13/16 MP: 4/4
    99 | D:1      | Reached skill level 6 in Ranged Weapons
   543 | D:1      | 543 ||| UPGRADING to +0 ring mail.
   553 | D:1      | 553 ||| DROPPING +0 leather armour.
   554 | D:1      | 554 ||| DROPPING ring of flight.
   555 | D:1      | 555 ||| DROPPING scroll of butterflies.
   617 | D:2      | Reached XP level 3. HP: 7/20 MP: 5/5
   960 | D:2      | Reached skill level 7 in Ranged Weapons
  1025 | D:2      | 1025 ||| READING scroll labelled QUGYFF XEOWUH.
  1025 | D:2      | 1025 ||| IDENTIFYING orange potion
  1053 | D:3      | 1053 ||| STAIRDANCE
  1392 | D:3      | 1392 ||| RETREEEEATING.
  1401 | D:3      | Reached XP level 4. HP: 8/25 MP: 6/6
  1405 | D:3      | HP: 2/25 [gnoll/+0 whip (6)]
  1407 | D:3      | Slain by a gnoll

Levels and vault maps discovered:
D:1:      lightli_arrival_flooded_house, layout_loops_ring
D:2:      layout_rooms
D:3:      layout_rooms, hangedman_decor_points, roderic_malta_cross

Skill      XL: |  1  2  3 |
---------------+----------+-----
Ranged Weapons | 6 7 |  7.8
Fighting       | |  1.5
Dodging        | |  2.4
Stealth        | |  1.2

Action                     |  1- 3 |  4- 6 || total
---------------------------+-------+-------++-------
   Fire: Shortbow          |   132 |     7 ||   139
    Use: Scroll            |     1 |       ||     1
 Armour: Leather armour    |     8 |       ||     8
         Ring mail         |    27 |     4 ||    31
  Dodge: Dodged            |    42 |     2 ||    44

Table legend:
 A = Non-vault XP
 B = Vault XP
 C = Vault XP percentage of total XP
 D = Non-vault monster count
 E = Vault monster count
 F = Vault count percentage of total count
                 A         B        C        D         E       F
            +---------+---------+-------+---------+---------+-------
      Total |     134 |       0 |   0.0 |      41 |       0 |   0.0
            +---------+---------+-------+---------+---------+-------
        D:1 |      30 |       0 |   0.0 |      18 |       0 |   0.0
        D:2 |      35 |       0 |   0.0 |      14 |       0 |   0.0
        D:3 |      69 |       0 |   0.0 |       9 |       0 |   0.0
            +---------+---------+-------+---------+---------+-------
